[Event "German Bundesliga 2024-25"]
[Site "Germany"]
[Date "2024.12.01"]
[Round "4.10"]
[White "Fridman, Daniel"]
[Black "Delchev, Aleksander"]
[Result "1-0"]
[Annotator "TA"]
[ECO "E08"]
[WhiteElo "2581"]
[BlackElo "2464"]
[PlyCount "97"]
[EventDate "2024.09.27"]
[EventType "team-tourn"]
[EventCountry "GER"]
[SourceTitle "playchess.com"]
[Source "ChessBase"]
[SourceQuality "1"]
[WhiteTeam "Muelheim Nord"]
[BlackTeam "Deggendorf"]
[TimeControl "40/5400+30:1800+30"]

1. Nf3 d5 2. g3 Nf6 3. Bg2 e6 4. O-O Be7 5. d4 O-O 6. c4 c6 7. Qc2 b6 8. Rd1 Bb7 9. b3 Nbd7 10. Nc3 Ba6 11. Nd2 b5 12. e3 Qc8 {[%emt 0:19:38] The position is equal.} 13. cxb5 cxb5 {[%emt 0:00:06] Hoping for ...b4.} 14. a3 b4 15. axb4 Bxb4 (15... Be2 $5 16. Re1 $8 Bxb4 $11) 16. Bb2 Qb7 17. Ba3 {[%emt 0:08:08] Black must now prevent Bxb4.} Rfc8 18. Bxb4 Qxb4 19. Rdc1 Bb5 20. Qb2 a5 21. Nxb5 Qxb5 22. Bf1 Qb6 {[%emt 0:00:51] [#]} 23. Rxc8+ (23. Ra4 $1 $16) 23... Rxc8 $14 24. Qa2 g6 (24... Ra8 $11 {keeps the balance.}) 25. Qxa5 $16 Qxa5 26. Rxa5 Rc2 27. Nf3 Rb2 (27... Ng4 $142) 28. Ra8+ Nf8 29. Ne5 {[%emt 0:02:54] Prevents Ng4} Rxb3 (29... Rb1 $16 {keeps fighting.} 30. b4 Ne4) 30. Ra7 $18 Rb1 31. f3 {[%emt 0:01:30] Against Ne4} Rb3 {[%emt 0:03:00] [#]} (31... Ne8 $142 32. Nxf7 Rb6) 32. Kf2 $1 (32. Rxf7 Ne8 33. Kf2 Nd6) (32. Nxf7 $6 N6d7 $16) 32... Rb2+ 33. Be2 Rc2 34. Rxf7 ({But not} 34. Nxf7 $6 N6d7 $18) 34... Ne8 35. Re7 Nd6 36. Ng4 Rb2 (36... Kh8 $142 37. Nf6 Rc1) 37. Nh6+ Kh8 38. Rc7 Rb7 {[%emt 0:00:15] [#]} 39. Nf7+ $1 Kg8 40. Nh6+ (40. Nxd6 $2 {perishes.} Rxc7 41. h3 Nd7 $19) 40... Kh8 41. Rxb7 Nxb7 {[%emt 0:00:04][%mdl 4096] Endgame. KBN-KNN} 42. g4 Kg7 43. g5 Nd6 44. Kg3 Nd7 45. Kf4 Kf8 46. e4 dxe4 47. fxe4 Nf7 $2 (47... Nb7 48. Bb5 e5+ 49. Kf3 (49. dxe5 Ndc5 $18) 49... Nb6 50. dxe5 Nc5) 48. Nxf7 Kxf7 49. Bb5 {[%emt 0:02:26] Weighted Error Value: White=0.12 (very precise) /Black=0.18 (very precise) .  Loses game:     	---       	Black=1      Mistake:       	White=1     	Black=6      Inaccurate:     	---       	Black=3      OK:         	White=17    	Black=10     Best:        	White=6     	Black=1} 1-0

[Event "German Bundesliga 2024-25"]
[Site "Germany"]
[Date "2024.12.01"]
[Round "4.11"]
[White "Deac, Bogdan-Daniel"]
[Black "Vogel, Roven"]
[Result "1-0"]
[Annotator "TA"]
[ECO "C77"]
[WhiteElo "2687"]
[BlackElo "2558"]
[PlyCount "93"]
[EventDate "2024.09.27"]
[EventType "team-tourn"]
[EventCountry "GER"]
[SourceTitle "playchess.com"]
[Source "ChessBase"]
[SourceQuality "1"]
[WhiteTeam "Baden-Baden"]
[BlackTeam "TU Dresden"]
[TimeControl "40/5400+30:1800+30"]

1. e4 e5 2. Nf3 Nc6 3. Bb5 a6 4. Ba4 Nf6 5. O-O Be7 6. d3 b5 7. Bb3 O-O 8. Nc3 d6 9. a3 h6 {[%emt 0:03:23] C77: Ruy Lopez: 3...a6 4 Ba4 Nf6, unusual lines.} 10. Be3 Re8 11. h3 Bf8 12. Re1 Rb8 13. Nd2 $1 $146 {[%emt 0:01:47][%mdl 8] A top novelty.} ({Predecessor:} 13. Ne2 d5 14. Ng3 Be6 15. c3 Qd7 16. Bc2 Rbd8 17. a4 dxe4 18. dxe4 Qc8 19. Nd2 Qb7 20. axb5 axb5 21. b4 Ne7 {½-½ Deac,B (2700)-Dubov,D (2708) Speed Chess Q2 blitz 2022 (8)}) 13... Ne7 14. f4 exf4 15. Bxf4 Ng6 16. Bg3 c5 17. Qf3 Be6 18. Kh1 Nd7 19. Qf2 Nge5 20. Ba2 Rc8 21. Rf1 Nb6 (21... Nf6 $11 {remains equal.}) 22. Bxe6 $16 fxe6 23. a4 b4 24. Bxe5 dxe5 25. Nd1 Be7 26. a5 Nd7 27. Nc4 ({Better is} 27. Qf7+ $16 Kh8 28. Nf2 (28. Qxe6 Bg5 $11)) 27... Rf8 $14 28. Qe2 Rxf1+ 29. Qxf1 Bg5 (29... Bh4 $11) 30. g3 Qe7 31. Qe2 Nb8 32. Nf2 (32. Nxe5 Qd6 33. Nf3 Qxg3 $15) 32... Nc6 {[%emt 0:00:40] [#]} (32... Rf8 $14) 33. c3 (33. h4 $1 $16 Bxh4 (33... Nd4 34. Qh5 $17) 34. gxh4 Qxh4+ 35. Kg2) 33... Rb8 34. h4 Bf6 35. Ng4 bxc3 36. bxc3 Rb3 37. Qc2 Rb5 38. Rf1 Kh7 (38... Nb8 $16 39. Qa2 (39. Ncxe5 Bxe5 40. Nxe5 Qd6 $11) 39... Nd7) 39. Qa2 (39. Qd2 $18 {[%cal Of1f6] aiming for Rxf6!} Nxa5 40. Nxa5 (40. Ncxe5 Bxe5 41. Nxe5 Qd6 $11) (40. Ngxe5 Qc7 $17) 40... Rxa5 41. Rxf6 gxf6 42. Qxh6+ (42. Nxh6 $2 Qg7 $19) 42... Kg8 43. Nxf6+ Kf7 44. Ng4) 39... Qd8 $2 (39... Rb8 $16 {was worth a try.} 40. Nxf6+ gxf6) 40. Nce3 $18 Qxd3 $2 (40... Nxa5 $2 {too greedy.} 41. Qxe6 Kh8 42. Nd5 $18 (42. Qxa6 Rb7 $18)) (40... Bxh4 41. Qxe6 (41. gxh4 Qxh4+ 42. Kg2 Qe7 $18) 41... Bxg3) 41. Nxf6+ $18 (41. Qxe6 Qxe4+ 42. Kh2 Be7 $16) 41... gxf6 42. Qxe6 Qxe4+ 43. Kh2 Rb7 44. Rxf6 Rb2+ 45. Kh3 Qh1+ 46. Kg4 Qe4+ 47. Kh5 1-0

[Event "German Bundesliga 2024-25"]
[Site "Germany"]
[Date "2024.12.01"]
[Round "4.11"]
[White "Anton Guijarro, David"]
[Black "Efimenko, Zahar"]
[Result "1/2-1/2"]
[Annotator "RC"]
[ECO "A13"]
[WhiteElo "2671"]
[BlackElo "2567"]
[PlyCount "51"]
[EventDate "2024.09.27"]
[EventType "team-tourn"]
[EventCountry "GER"]
[SourceTitle "playchess.com"]
[Source "ChessBase"]
[SourceQuality "1"]
[WhiteTeam "Viernheim"]
[BlackTeam "Werder Bremen"]
[TimeControl "40/5400+30:1800+30"]

1. c4 Nf6 2. Nf3 e6 3. g3 d5 4. Bg2 dxc4 5. Qa4+ Nbd7 6. Qxc4 c5 7. d3 Bd6 8. a4 O-O 9. Nc3 a6 10. a5 b5 11. axb6 Nxb6 12. Qa2 Bb7 13. O-O h6 14. Nd2 Bxg2 15. Kxg2 Nfd5 16. Nc4 Be7 17. Kg1 Qc7 18. Nxd5 Nxd5 19. Bd2 Rfb8 20. Qa4 Qb7 21. Ra2 Bf6 22. Qc2 Qb3 23. Qxb3 Rb6 24. Qb4 Rxb4 25. Rc1 Rb3 26. Nb6 1/2-1/2

[Event "German Bundesliga 2024-25"]
[Site "Germany"]
[Date "2024.12.01"]
[Round "4.11"]
[White "Popovic, Dusan"]
[Black "Vrolijk, Liam"]
[Result "1/2-1/2"]
[Annotator "TA"]
[ECO "A05"]
[WhiteElo "2487"]
[BlackElo "2512"]
[PlyCount "43"]
[EventDate "2024.09.27"]
[EventType "team-tourn"]
[EventCountry "GER"]
[SourceTitle "playchess.com"]
[Source "ChessBase"]
[SourceQuality "1"]
[WhiteTeam "Deggendorf"]
[BlackTeam "Muelheim Nord"]
[TimeControl "40/5400+30:1800+30"]

1. Nf3 d5 2. g3 Nf6 3. Bg2 c5 4. O-O g6 5. b3 Bg7 6. Bb2 Nc6 7. Ne5 Nxe5 8. Bxe5 O-O 9. c4 d4 10. e3 Ng4 11. Bxg7 Kxg7 12. exd4 (12. h3 {simplifies} Nh6 13. exd4 cxd4 14. Qe2) 12... Qxd4 13. Nc3 Rd8 14. Nd5 (14. Qe1 $14) 14... Ne5 {[%emt 0:12:45] The position is equal.} 15. h3 Nc6 16. Re1 e6 17. Re4 (17. Nc7 $5 Rb8 $8 18. Nb5 $11) 17... Qb2 18. Rb1 Qxa2 19. Ra1 $1 Qb2 20. Rb1 Qa2 21. Ra1 $1 Qb2 22. Rb1 {[%emt 0:00:32] An uneventful encounter.   Weighted Error Value: White=0.04 (flawless) /Black=0.04 (flawless) .  Mistake:       	White=1     	---        OK:         	White=5     	Black=7      Best:        	White=3     	---        Strong:       	White=2     	---} 1/2-1/2

[Event "German Bundesliga 2024-25"]
[Site "Germany"]
[Date "2024.12.01"]
[Round "4.12"]
[White "Nisipeanu, Liviu-Dieter"]
[Black "Bacrot, Etienne"]
[Result "1/2-1/2"]
[Annotator "TA"]
[ECO "C02"]
[WhiteElo "2596"]
[BlackElo "2653"]
[PlyCount "77"]
[EventDate "2024.09.27"]
[EventType "team-tourn"]
[EventCountry "GER"]
[SourceTitle "playchess.com"]
[Source "ChessBase"]
[SourceQuality "1"]
[WhiteTeam "TU Dresden"]
[BlackTeam "Baden-Baden"]
[TimeControl "40/5400+30:1800+30"]

1. e4 e6 2. d4 d5 3. e5 c5 4. Nf3 Nc6 5. Bd3 Nxd4 6. Nxd4 cxd4 7. O-O Ne7 8. Nd2 Nc6 9. Re1 Bd7 10. a3 a5 11. Qg4 {[%emt 0:07:42][%mdl 1024] White has compensation.} h5 12. Qg3 h4 13. Qg4 h3 14. Nf3 {[%emt 0:01:30] Prevents Qh4} hxg2 15. Bf4 a4 (15... Qb6 {looks sharper.} 16. b4 axb4 17. axb4 Rc8) 16. Kxg2 Qb6 17. Rab1 Na5 18. Ng5 Bb5 $1 19. Bg6 fxg6 20. Nxe6 {[%emt 0:00:07] [#]} g5 21. Bxg5 $11 Bd7 22. Nxg7+ Bxg7 23. e6 {[%emt 0:00:03][%cal Og4f5] White wants to mate with Qf5! Really sharp!} Bb5 $2 (23... Bc6 $11 {and Black stays safe.} 24. Qf5 Qc7 25. Qg6+ Kf8 26. e7+ Kg8 27. Qe6+ Kh7 28. Qf5+ Kg8 29. Qe6+ Kh7 30. Qf5+ Kg8 31. Qe6+) 24. Qf5 $18 Qc7 {[%emt 0:03:12] [#] Wards off Qf7+} 25. Qg6+ $2 (25. h4 $1 $18 {Strongly threatening Qg6+.} Rh6 (25... Nc4 $2 26. Qg6+ Kf8 27. e7+ Kg8 28. Qe6+ Kh7 29. Qf5+ Kg8 30. Qxd5+ Kh7 31. Qf5+ Kg8 32. Qxb5 $18) 26. Rbd1 (26. Bxh6 Bxh6 27. Qg6+ Ke7 $11)) 25... Kf8 $11 {[%emt 0:00:02] The position is equal.} 26. e7+ Kg8 27. Qe6+ (27. e8=B Qxh2+ 28. Kf3 Rh3+ 29. Kg4 Qg2+ 30. Kf5 Qxf2+ (30... Rf3+ $2 31. Bf4 $19) 31. Ke6 Ra6+ (31... Rxe8+ $2 32. Kd6 $19) (31... Bxe8 {gets mated.} 32. Re3 Rxe3+ 33. Bxe3 Qxe3+ 34. Kd6 Nc4+ 35. Kxd5 Qe5+ 36. Kxc4 Qb5#) 32. Ke7 Qf8+ 33. Kd8 Rxg6 34. Re7 Nc6+ (34... Rxg5 35. Re6 Bxe8 36. Rbe1 Bf7+ 37. Kc7 Bxe6 38. Kb6 Qd8+ 39. Ka7 Bf8 40. b4 axb3 41. Rxe6 Bc5+ 42. Rb6 Bxb6#) 35. Kc7 Nxe7 (35... Rxg5 {leads to mate.} 36. Re6 Rh6 37. Rbe1 Be5+ 38. R1xe5 Nxe5 39. Rxh6 Qxh6 40. Bxb5 Rg7+ 41. Kb8 Nc6+ 42. Ka8 Qd6 43. Bxc6 bxc6 44. c3 Qf8#) (35... Rxg5 36. Re6 Be5+ 37. Kb6 d3 38. c3 Bc4 39. Rf1 Qxf1 40. Bxc6 Qf2+ 41. Kxb7 Qxb2+ 42. Kc8 Qb8+ 43. Kd7 Rh7+ 44. Re7 Qc7+ 45. Ke8 Rxe7#)) 27... Kh7 28. Qf5+ Kg8 29. Qe6+ Kh7 30. Qf5+ Kg8 31. Qxd5+ Kh7 32. Qe4+ Kg8 33. Qe6+ Kh7 34. Qe4+ Kg8 35. Qe6+ Kh7 36. Qf5+ Kg8 37. Qd5+ Kh7 38. Qf5+ Kg8 39. Qd5+ {[%emt 0:02:00] Weighted Error Value: White=0.08 (flawless) /Black=0.30.  Loses game:     	---       	Black=1      Missed win:     	White=1     	---        Mistake:       	---       	Black=1      Inaccurate:     	White=3     	Black=2      OK:         	White=14    	Black=9      Best:        	White=5     	Black=4      Strong:       	---       	Black=1} 1/2-1/2

[Event "German Bundesliga 2024-25"]
[Site "Germany"]
[Date "2024.12.01"]
[Round "4.12"]
[White "Cheng, Bobby"]
[Black "Korobov, Anton"]
[Result "1/2-1/2"]
[Annotator "RC"]
[ECO "E15"]
[WhiteElo "2594"]
[BlackElo "2636"]
[PlyCount "45"]
[EventDate "2024.09.27"]
[EventType "team-tourn"]
[EventCountry "GER"]
[SourceTitle "playchess.com"]
[Source "ChessBase"]
[SourceQuality "1"]
[WhiteTeam "Werder Bremen"]
[BlackTeam "Viernheim"]
[TimeControl "40/5400+30:1800+30"]

1. d4 Nf6 2. c4 e6 3. Nf3 b6 4. g3 Ba6 5. b3 Bb4+ 6. Bd2 Be7 7. Bg2 d5 8. Ne5 O-O 9. O-O c6 10. Bc3 Nfd7 11. Nd3 dxc4 12. Nb4 cxb3 13. Nxa6 Nxa6 14. Bxc6 Rc8 15. Bb7 Rxc3 16. Nxc3 b2 17. Rb1 Qc7 18. Bxa6 Qxc3 19. Qa4 Nf6 20. Rfd1 Ne4 21. Qb5 Bb4 22. Qd3 Nd2 23. Qxc3 1/2-1/2

[Event "German Bundesliga 2024-25"]
[Site "Germany"]
[Date "2024.12.01"]
[Round "4.12"]
[White "Beerdsen, Thomas"]
[Black "Sedlak, Nikola"]
[Result "1-0"]
[Annotator "TA"]
[ECO "C54"]
[WhiteElo "2508"]
[BlackElo "2444"]
[PlyCount "77"]
[EventDate "2024.09.27"]
[EventType "team-tourn"]
[EventCountry "GER"]
[SourceTitle "playchess.com"]
[Source "ChessBase"]
[SourceQuality "1"]
[WhiteTeam "Muelheim Nord"]
[BlackTeam "Deggendorf"]
[TimeControl "40/5400+30:1800+30"]

1. e4 e6 2. d4 d5 3. Nc3 dxe4 4. Nxe4 Be7 5. Bd3 Nf6 6. Nxf6+ Bxf6 7. Nf3 Bd7 (7... c5 $5) 8. O-O Bc6 9. Re1 Bxf3 {[%emt 0:00:41] White is slightly better.} 10. Qxf3 c6 $1 11. c3 O-O 12. Bf4 {[%emt 0:02:41] White has more active pieces. The black rooks are passive.} Nd7 13. Rad1 Re8 14. Bb1 Nf8 15. g3 Bg5 16. Bxg5 Qxg5 17. Re4 Qb5 18. Rd2 Rad8 19. Rde2 c5 20. Re5 Qa4 21. Bc2 Qxa2 22. Rxc5 ({But not} 22. Qxb7 cxd4 23. cxd4 Rxd4 $15) 22... Re7 23. Qf4 Qa6 24. Re1 Qd6 25. Qh4 (25. Qxd6 {simplifies} Rxd6 26. f4 g6 27. g4) 25... h6 26. Rh5 Rdd7 27. Qg4 Kh8 28. Ree5 f6 {[%emt 0:02:48] Black is weak on the light squares} 29. Re3 b6 (29... f5 $14 30. Qe2 f4) 30. Qf3 $16 Rd8 31. Rh4 f5 32. Qh5 Nh7 33. Re5 $40 {[%emt 0:04:26][%mdl 128] Black is in trouble.} Rf8 34. Qe2 Ng5 35. Rh5 {[%emt 0:00:26] [#] Strongly threatening f4.} Rf6 36. f4 Nf7 37. Rh3 g6 ({Don't go for} 37... Nxe5 $2 38. fxe5 Qd5 39. exf6 $18) (37... Rg6 $11) 38. g4 Qc7 $2 {[%emt 0:00:25][%mdl 8192] [#]} (38... fxg4 $11 39. Qxg4 Re8) 39. g5 $1 {[%emt 0:00:32] Weighted Error Value: White=0.14 (very precise) /Black=0.17 (very precise) .  Loses game:     	---       	Black=1      Mistake:       	---       	Black=2      Inaccurate:     	White=6     	Black=4      OK:         	White=7     	Black=10     Strong:       	White=1     	Black=1} 1-0

[Event "German Bundesliga 2024-25"]
[Site "Germany"]
[Date "2024.12.01"]
[Round "4.13"]
[White "Amin, Bassem"]
[Black "Van Foreest, Lucas"]
[Result "0-1"]
[Annotator "TA"]
[ECO "D02"]
[WhiteElo "2647"]
[BlackElo "2520"]
[PlyCount "90"]
[EventDate "2024.09.27"]
[EventType "team-tourn"]
[EventCountry "GER"]
[SourceTitle "playchess.com"]
[Source "ChessBase"]
[SourceQuality "1"]
[WhiteTeam "Viernheim"]
[BlackTeam "Werder Bremen"]
[TimeControl "40/5400+30:1800+30"]

1. Nf3 d5 2. g3 g6 3. Bg2 Bg7 4. d4 Nf6 5. O-O O-O 6. a4 {[%emt 0:00:06] D02: 1 d4 d5 2 Nf3 sidelines, including 2...Nf6 3 g3 and 2...Nf6 3 Bf4.} c5 7. dxc5 Na6 8. a5 Ne4 $146 ({Predecessor:} 8... Nxc5 9. Nc3 Bg4 10. Be3 Rc8 11. Bd4 Bxf3 12. exf3 e6 13. f4 a6 14. Re1 Ne8 {½-½ Mamedyarov,S (2733)-Svidler,P (2698) London TechM GCL rapid 2024 (3.1)}) 9. Nfd2 Naxc5 10. Nxe4 Nxe4 11. Nd2 Nf6 12. e4 Be6 13. c3 Qc7 14. Re1 Rfd8 15. Qa4 Rac8 16. exd5 Bxd5 17. Nf3 Nd7 18. Qh4 (18. Rxe7 $11 Qd6 19. Re1) 18... Qc6 $17 19. Ng5 {[%emt 0:11:15] [#]} (19. Nd4 $142 Bxd4 20. Bxd5 Bxf2+ (20... Qxd5 21. Qxd4 Qh5 22. Qd1 $11) 21. Kxf2 Qxd5 22. Qxe7) 19... h6 $1 $17 (19... Bxg2 20. Qxh7+ Kf8 21. Ne6+ fxe6 22. Bh6 $11) 20. Nxf7 Bxg2 (20... Kxf7 $2 21. Rxe7+ Kg8 (21... Kf8 $2 22. Bxh6 Bxh6 23. Rae1 $18) 22. Rxg7+ Kxg7 23. Qe7+ (23. Qxh6+ Kg8 $14) 23... Kh8 24. Be3 $18) 21. Nxd8 (21. Nxh6+ $17 {was the only chance.} Bxh6 22. Bxh6) 21... Rxd8 $19 22. Qxe7 {[%emt 0:01:20] [#]} Bh3 $1 23. f3 (23. Qxd8+ Bf8 24. f3 Qxf3) 23... Bf6 24. Qe4 Ne5 25. Qxc6 bxc6 26. Re3 $2 (26. Kf2 {was called for.}) 26... Rd1+ $19 27. Kf2 Bf1 28. Re4 (28. b4 $142 Nd3+ 29. Rxd3 Bxd3 30. Bb2) 28... Nd3+ $19 29. Ke3 Re1+ 30. Kd2 Rxe4 ({Don't take} 30... Bg5+ 31. Kc2 Rxe4 (31... Rxc1+ $2 32. Rxc1 Nxc1 33. Rd4 $19) (31... Bxc1 32. Rxe1 Nxe1+ 33. Kxc1 $16) 32. Bxg5 Ne1+ 33. Kb3 Bc4+ (33... Nxf3 $2 34. Rxf1 Nxg5 35. Rd1 $19) 34. Ka4 Nxf3 35. Bxh6) 31. fxe4 Bg5+ 32. Kc2 Nxc1 ({But not} 32... Bxc1 33. b4 $19) 33. Ra4 c5 34. a6 Be3 35. e5 Kf7 36. b3 Ke6 37. Ra5 Kxe5 38. c4 Nd3 39. Rb5 Nb4+ 40. Kc3 Bg2 41. Rb8 Bd4+ (41... Nxa6 42. Re8+ Kf6 43. Rxe3 $17) 42. Kd2 Nxa6 43. Rh8 h5 44. Rh7 Nb4 45. Rxa7 Be4 0-1

[Event "German Bundesliga 2024-25"]
[Site "Germany"]
[Date "2024.12.01"]
[Round "4.13"]
[White "Shirov, Alexei"]
[Black "Michalik, Peter"]
[Result "1/2-1/2"]
[Annotator "TA"]
[ECO "C67"]
[WhiteElo "2646"]
[BlackElo "2562"]
[PlyCount "61"]
[EventDate "2024.09.27"]
[EventType "team-tourn"]
[EventCountry "GER"]
[SourceTitle "playchess.com"]
[Source "ChessBase"]
[SourceQuality "1"]
[WhiteTeam "Baden-Baden"]
[BlackTeam "TU Dresden"]
[TimeControl "40/5400+30:1800+30"]

1. e4 e5 2. Nf3 Nc6 3. Bb5 Nf6 4. O-O Nxe4 5. Re1 Nd6 6. a4 Be7 7. Nc3 e4 8. Nxe4 Nxe4 9. Rxe4 d5 10. Re1 O-O 11. d4 Bg4 12. c3 Bd6 13. h3 Bh5 14. Bd3 Bg6 15. b4 Re8 {[%emt 0:05:10] The position is equal.} 16. Rxe8+ Qxe8 17. Bxg6 hxg6 18. Ba3 Qd7 19. b5 {[%emt 0:00:19] [#] Bxd6 would now be deadly.} Na5 20. Bxd6 cxd6 21. Nd2 Rc8 22. Rc1 a6 23. Qf3 Qf5 24. Qg3 axb5 25. axb5 Nc4 26. Nxc4 dxc4 27. Qxd6 Qxb5 28. Re1 Re8 {[%emt 0:01:22] Dodges d5} 29. Rxe8+ Qxe8 30. Kh2 Qe1 31. Qd8+ {[%emt 0:01:37] An uneventful encounter.   Weighted Error Value: White=0.04 (flawless) /Black=0.05 (flawless) .  Inaccurate:     	White=1     	Black=2      OK:         	White=13    	Black=12} 1/2-1/2

[Event "German Bundesliga 2024-25"]
[Site "Germany"]
[Date "2024.12.01"]
[Round "4.13"]
[White "Stojanovic, Dalibor"]
[Black "Buckels, Valentin"]
[Result "1/2-1/2"]
[Annotator "TA"]
[ECO "A45"]
[WhiteElo "2446"]
[BlackElo "2448"]
[PlyCount "73"]
[EventDate "2024.09.27"]
[EventType "team-tourn"]
[EventCountry "GER"]
[SourceTitle "playchess.com"]
[Source "ChessBase"]
[SourceQuality "1"]
[WhiteTeam "Deggendorf"]
[BlackTeam "Muelheim Nord"]
[TimeControl "40/5400+30:1800+30"]

1. e4 e5 2. Nf3 Nc6 3. Bc4 Bc5 4. d3 Nf6 5. Nc3 d6 6. Bg5 h6 7. Bxf6 Qxf6 8. Nd5 Qd8 9. c3 Ne7 10. d4 Nxd5 11. dxc5 Nf4 12. g3 Nh3 13. cxd6 Qxd6 14. Qxd6 cxd6 15. Nh4 {[%emt 0:00:10] White is slightly better.} Be6 16. Bb3 Rd8 17. f3 g5 18. Nf5 Bxf5 19. exf5 h5 20. Kf1 Ke7 21. Kg2 g4 22. fxg4 hxg4 23. f6+ Kd7 (23... Kxf6 $14 24. Rhf1+ Kg6) 24. Bxf7 $16 Rdf8 25. Bb3 {[%emt 0:02:03] White is more active.} Rxf6 26. Raf1 {[%emt 0:00:08] Dodges Rf2+} Rhf8 27. Rxf6 Rxf6 28. Rf1 {[%emt 0:00:08] Wards off Rf2+} Rxf1 (28... Ke7 $16 {was worth a try.}) 29. Kxf1 {[%emt 0:00:03][%mdl 4096] Endgame. KB-KN} Ng5 30. Bd1 Nf3 {[%emt 0:00:03] [#]} 31. h3 $1 d5 (31... Ke6 32. Kf2) 32. Bxf3 $2 ({Much less strong is} 32. hxg4 Ng5 $16) ({White should play} 32. h4 $16) 32... gxf3 $11 {[%emt 0:00:04] The position is equal.} 33. Kf2 e4 34. h4 Ke6 35. h5 Kf5 36. g4+ Kg5 (36... Kxg4 37. h6 e3+ (37... Kf4 $2 38. h7 $18) 38. Kxe3 $16) 37. Kg3 {[%emt 0:00:19] Weighted Error Value: White=0.11 (very precise) /Black=0.13 (very precise) .  Mistake:       	White=1     	Black=2      Inaccurate:     	White=1     	Black=2      OK:         	White=10    	Black=9      Best:        	White=2     	---} 1/2-1/2

[Event "German Bundesliga 2024-25"]
[Site "Germany"]
[Date "2024.12.01"]
[Round "4.14"]
[White "Hracek, Zbynek"]
[Black "Wagner, Dennis"]
[Result "1/2-1/2"]
[Annotator "TA"]
[ECO "C77"]
[WhiteElo "2541"]
[BlackElo "2616"]
[PlyCount "47"]
[EventDate "2024.09.27"]
[EventType "team-tourn"]
[EventCountry "GER"]
[SourceTitle "playchess.com"]
[Source "ChessBase"]
[SourceQuality "1"]
[WhiteTeam "Werder Bremen"]
[BlackTeam "Viernheim"]
[TimeControl "40/5400+30:1800+30"]

1. e4 e5 2. Nf3 Nc6 3. Bb5 a6 4. Ba4 Nf6 5. d3 b5 6. Bb3 Bc5 7. Bg5 h6 8. Bh4 d6 9. c3 Bb6 {[%emt 0:03:19] The position is equal.} 10. a4 Rb8 11. Nbd2 g5 12. Bg3 O-O 13. O-O Kg7 14. Re1 b4 15. Nc4 bxc3 16. bxc3 Na5 {[%emt 0:02:29] [#] Strongly threatening ...Nxb3.} 17. Ba2 Nxc4 18. Bxc4 Ba5 19. Rc1 Rb2 20. Re2 Rxe2 21. Qxe2 Nh5 22. d4 g4 23. Nh4 Qg5 24. Rd1 {[%emt 0:07:02] An uneventful encounter.   Weighted Error Value: White=0.08 (flawless) /Black=0.04 (flawless) .  Inaccurate:     	White=1     	Black=1      OK:         	White=6     	Black=9} 1/2-1/2

[Event "German Bundesliga 2024-25"]
[Site "Germany"]
[Date "2024.12.01"]
[Round "4.14"]
[White "Zelbel, Patrick"]
[Black "Tilicheev, Viacheslav"]
[Result "1/2-1/2"]
[Annotator "TA"]
[ECO "C02"]
[WhiteElo "2493"]
[BlackElo "2437"]
[PlyCount "57"]
[EventDate "2024.09.27"]
[EventType "team-tourn"]
[EventCountry "GER"]
[SourceTitle "playchess.com"]
[Source "ChessBase"]
[SourceQuality "1"]
[WhiteTeam "Muelheim Nord"]
[BlackTeam "Deggendorf"]
[TimeControl "40/5400+30:1800+30"]

1. e4 e6 2. d4 d5 3. e5 c5 4. c3 Nc6 5. Nf3 Bd7 6. Be2 Nge7 7. O-O Ng6 8. g3 Be7 9. h4 O-O 10. h5 Nh8 11. dxc5 Bxc5 12. c4 f6 $1 13. cxd5 (13. exf6 {seems wilder.} Qxf6 14. Nc3 Ne5 15. Bf4) 13... Nxe5 14. Nxe5 fxe5 15. Nc3 {[%emt 0:00:33] And now Bc4 would win.} Bd4 16. Bc4 b5 {[%emt 0:11:04] [#]} 17. Bb3 $1 $16 ({Don't play} 17. Nxb5 $6 Bxb5 18. Bxb5 exd5 $11) ({And not} 17. Bxb5 exd5 18. h6 Rxf2 19. Rxf2 Bxb5 20. hxg7 (20. Nxb5 Bxf2+ 21. Kxf2 Qb6+ $15) 20... Kxg7 (20... Bxf2+ 21. Kxf2 Kxg7 22. Nxb5 $11) 21. Nxb5 (21. Qg4+ Ng6 $17) 21... Bxf2+ 22. Kxf2 Qb6+ 23. Kg2 Qxb5 $17) 17... exd5 18. Nxd5 (18. Be3 $16) 18... Nf7 $14 19. Be3 Bxe3 20. Nxe3 Kh8 21. Bxf7 Rxf7 22. Qd5 Qe8 23. Rac1 {[%emt 0:00:50] Prevents Bc6.} Be6 24. Qxe5 Bxa2 25. Qc3 Qe6 {[%emt 0:03:04] The position is equal.} 26. Qd3 a6 27. Rc5 Raf8 28. Qc3 Qh3 29. b3 {[%emt 0:09:32] Weighted Error Value: White=0.08 (flawless) /Black=0.12 (very precise) .  Mistake:       	White=1     	Black=1      OK:         	White=9     	Black=12     Best:        	White=1     	---        Strong:       	White=1     	Black=1} 1/2-1/2